 Dungeon Crawl Stone Soup version 0.28-a0-1506-g3893175d92 (webtiles) character file.

Game seed: 1475684511770815935

83 HallandMoats the Skirmisher (level 4, -1/40 HPs)
             Began as a Ghoul Fighter on Jan 14, 2022.
             Slain by a ball python (2 damage)
             ... on level 2 of the Dungeon.
             The game lasted 00:02:37 (1123 turns).

HallandMoats the Skirmisher (Ghoul Fighter)         Turns: 1123, Time: 00:02:38

Health: -1/40      AC:  6    Str: 19    XL:     4   Next: 44%
Magic:  3/3        EV:  9    Int:  5    God:
Gold:   92         SH:  4    Dex:  8    Spells: 3/3 levels left

rFire   . . .      SeeInvis .   a - +0 long sword
rCold   + . .      Faith    .   c - +0 buckler
rNeg    + + +      Spirit   .   b - +0 scale mail
rPois   ∞          Reflect  .   (no helmet)
rElec   .          Harm     .   (no cloak)
rCorr   .          Rampage  .   (no gloves)
Will    .....                   (no boots)
Stlth   ..........              (no amulet)
HPRegen 0.00/turn               (no ring)
MPRegen 0.08/turn               (no ring)

@: inhibited regen
A: claws 1, cold resistance 1, negative energy resistance 3, inhibited
regeneration, torment resistance 2
a: no special abilities


You were on level 2 of the Dungeon.
You visited 1 branch of the dungeon, and saw 2 of its levels.

You collected 92 gold pieces.

Inventory:

Hand Weapons
 a - a +0 long sword (weapon)
Missiles
 k - a throwing net (quivered)
Armour
 b - a +0 scale mail (worn)
 c - a +0 buckler (worn)
Scrolls
 d - a scroll of teleportation {unknown}
 i - a scroll of silence {unknown}
 j - 2 scrolls of enchant armour {unknown}
Potions
 e - 3 potions of curing {unknown}
 f - a potion of attraction {unknown}
 g - a potion of lignification {unknown}
 h - a potion of mutation {unknown}


   Skills:
 * Level 4.0 Fighting
 * Level 2.6 Long Blades
 + Level 2.9 Armour
 + Level 0.9 Dodging
 + Level 3.0 Shields
 + Level 1.2 Invocations


You had 3 spell levels left.
You didn't know any spells.
Your spell library was empty.

Dungeon Overview and Level Annotations

Branches:
Dungeon (2/15)

Altars:
Makhleb

Shops:
D:1 (


Innate Abilities, Weirdness & Mutations

You thrive by killing the living.
You are immune to poison.
You have sharp fingernails.
Your flesh is cold resistant. (rC+)
You are immune to negative energy. (rN+++)
You do not regenerate when monsters are visible.
You are immune to unholy pain and torment.


Message History

You hit the gnoll but do no damage.
The gnoll is heavily wounded.
The gnoll hits you with a +0 whip. The gnoll barely misses you.
The gnoll hits you but does no damage.
You slash the gnoll!
You kill the gnoll!
The gnoll throws a throwing net.
The throwing net closely misses you. You block the gnoll's attack.
Your Fighting skill increases to level 4!
You hit the gnoll but do no damage.
The gnoll is heavily wounded.
The gnoll hits you but does no damage.
The gnoll hits you from afar with a +0 spear.
You see here a throwing net.
k - a throwing net The gnoll hits you with a +0 club.
The gnoll hits you with a +0 flail.
* * * LOW HITPOINT WARNING * * *
The gnoll barely misses you.
The gnoll hits you from afar with a +0 spear.
* * * LOW HITPOINT WARNING * * *
A bat and a ball python come into view.
Found a robe.
The bat moves out of view.
A giant cockroach comes into view.
The ball python closely misses you. The ball python grabs you.
The ball python constricts you.
The ball python bites you but does no damage.
The ball python constricts you.
You escape the ball python's grasp.
A quokka comes into view.
The bat hits you but does no damage.
The quokka moves out of view.
A goblin comes into view. It is wielding a +0 dagger.
Found a stone staircase leading up.
The goblin shouts!
The bat hits you but does no damage.
The ball python bites you but does no damage.
The ball python barely misses you. The bat hits you but does no damage.
The giant cockroach closely misses you. The bat hits you but does no damage.
The ball python bites you.
You die...

##.<.... .......#
.##.....# .# ...r...# .#
#.[...# .# #.....# .#
###....b####.####
...g..B@S.......#
##########.......g.g..####
...........#########.##
...#....# ##...#
...#....## ##..########
#.....#..# ##..........##
..##..... ##...g.....!..#
.....# #...g..?.......
##..## #..............


You could see 2 gnolls, a quokka, a giant cockroach, a goblin, a bat and a ball
python.

Vanquished Creatures
  Terence (D:2)
  2 gnolls
  2 worms (D:2)
  3 dart slugs
  An endoplasm (D:1)
  4 goblins
  2 hobgoblins
  4 kobolds
  A quokka (D:2)
  2 ball pythons
  6 bats
  A frilled lizard (D:1)
  6 rats
35 creatures vanquished.

Notes
Turn   | Place    | Note
-------+----------+-------------------------------------------
     0 | D:1      | HallandMoats the Ghoul Fighter began the quest for the Orb.
     0 | D:1      | Reached XP level 1. HP: 19/19 MP: 0/0
   157 | D:1      | Reached XP level 2. HP: 25/26 MP: 1/1
   313 | D:1      | Reached XP level 3. HP: 17/31 MP: 2/2
   620 | D:1      | Found Urasuve's Weapon Shop.
   747 | D:2      | Noticed Terence
   884 | D:2      | Killed Terence
   885 | D:2      | Reached skill level 1 in Invocations
   887 | D:2      | Reached XP level 4. HP: 29/40 MP: 3/3
  1067 | D:2      | Found a burning altar of Makhleb.
  1090 | D:2      | Reached skill level 4 in Fighting
  1097 | D:2      | HP: 1/40 [gnoll (6)]
  1123 | D:2      | Slain by a ball python

Illustrated notes

Levels and vault maps discovered:
D:1:      roderic_dead_forest, layout_rooms, serial_shops,
          nicolae_lakefront_shop, serial_park_tiny_2, eino_curves_04
D:2:      layout_rooms, basic_altar, grunt_ministairs_13,
          minmay_split_cup_large, uniq_crazy_yiuf_cottage, uniq_terence

Skill      XL: |  1  2  3  4 |
---------------+-------------+-----
Long Blades    | 2 |  2.6
Invocations    | 1 |  1.2
Shields        | 3 |  3.0
Fighting       | 4 |  4.0
Armour         | |  2.9
Dodging        | |  0.9

Action                   |  1- 3 |  4- 6 || total
-------------------------+-------+-------++-------
Melee: Long sword        |    66 |    37 ||   103
  Use: Potion            |     1 |       ||     1
Armor: Scale mail        |    51 |    20 ||    71
Dodge: Dodged            |    46 |    21 ||    67
Block: Buckler           |    15 |     8 ||    23

Table legend: (Time is in decaauts)
 A = Elapsed time spent in this place.
 B = Non-inter-level travel time spent in this place.
 C = Inter-level travel time spent in this place.
 D = Time resting spent in this place.
 E = Time spent auto-exploring this place.
 F = Levels seen in this place.
 G = Mean time per level.
                   A        B        C        D        E       F      G
               +--------+--------+--------+--------+--------+-----+--------+
         Total |   1157 |   1122 |     35 |     92 |    715 |   2 |  578.5 |
       Dungeon |   1157 |   1122 |     35 |     92 |    715 |   2 |  578.5 |
               +--------+--------+--------+--------+--------+-----+--------+

Top non-repeatable levels by time:
     D:1: 874 daAuts
     D:2: 282 daAuts
